 Dungeon Crawl Stone Soup version 0.18-a0-1800-gdc7a371 (webtiles) character file.

79 eljoo the Sneak (level 4, -3/30 HPs)
             Began as a Formicid Earth Elementalist on Apr 24, 2016.
             Slain by a gnoll
             ... wielding a +0 spear
              (7 damage)
             ... on level 2 of the Dungeon.
             The game lasted 00:11:06 (1568 turns).

eljoo the Sneak (Formicid Earth Elementalist)       Turns: 1568, Time: 00:11:07

Health: -3/30      AC:  2    Str: 10 (13) XL:     4   Next: 64%
Magic:  1/8        EV: 12    Int: 14 (15) God:
Gold:   38         SH:  0    Dex:  8 (11) Spells: 1 memorised, 7 levels left

rFire  . . .     SeeInvis +     b - 130 stones
rCold  . . .     Gourm    .     a - +0 robe
rNeg   . . .     Faith    .     (no shield)
rPois  .         Spirit   .     (helmet unavailable)
rElec  .         Dismiss  .     (no cloak)
rCorr  .         Reflect  .     (no gloves)
SustAt .         Harm     .     (no boots)
MR     .....                    (no amulet)
Stlth  +++.......               (no ring)
                                i - ring of stealth

@: not resistant to hostile enchantments, fairly stealthy
A: permanent stasis, dig shafts and tunnels, four strong arms, antennae 3
a: Dig, Shaft Self


You were on level 2 of the Dungeon.
You were not hungry.

You visited 1 branch of the dungeon, and saw 2 of its levels.

You collected 38 gold pieces.

Inventory:

Missiles
 b - 130 stones (in hand)
Armour
 a - a +0 robe (worn)
Jewellery
 i - a ring of stealth (left hand)
Scrolls
 f - a scroll of holy word {unknown}
 g - a scroll of fog {unknown}
 h - a scroll of identify {unknown}
 j - a scroll of recharging {unknown}
 l - 2 scrolls of teleportation {unknown}
 n - a scroll of random uselessness {unknown}
Potions
 e - a potion of cancellation {unknown}
 k - a potion of degeneration
 m - a potion of heal wounds {unknown}
 o - a potion of haste {unknown}
 q - a potion of curing {unknown}
Books
 c - a book of Geomancy

   Spells                             Type                      Level
   a - Sandblast                      Earth                        1
   b - Passwall                       Transmutation/Earth          2
   c - Stone Arrow                    Conjuration/Earth            3
   d - Petrify                        Transmutation/Earth          4
   e - Lee's Rapid Deconstruction     Earth                        5
Comestibles
 d - 3 bread rations
 p - 5 chunks of flesh


   Skills:
 - Level 1.7 Dodging
 * Level 4.7 Stealth
 + Level 2.7 Spellcasting
   Level 1.1 Transmutations
 + Level 4.3 Earth Magic


You had 7 spell levels left.
You knew the following spells:

 Your Spells              Type           Power        Failure   Level  Hunger
a - Sandblast             Erth           ##....       3%          1    #......


Dungeon Overview and Level Annotations

Branches:
Dungeon (2/15)

Altars:
The Shining One


Innate Abilities, Weirdness & Mutations

You are under a permanent stasis effect.
You can dig through walls and to a lower floor.
Your four strong arms can wield two-handed weapons with a shield.
You have a pair of large antennae on your head (SInv).


Message History

Press: ? - help, Shift-Dir - straight line, f/p - gnoll
Aim: a gnoll, wielding a whip (severely wounded)
The rocky blast hits the gnoll.
You kill the gnoll!
The gnoll barely misses you.
Casting: Sandblast
Confirm with . or Enter, or press ? or * to list all spells.
Aiming: Sandblast
Press: ? - help, Shift-Dir - straight line, f - gnoll
Aim: a gnoll, wielding a spear The rocky blast hits the gnoll.
The gnoll is lightly wounded.
The gnoll hits you from afar with a spear!
* * * LOW HITPOINT WARNING * * *
Drink which item? (? for menu, Esc to quit)
It was a potion of degeneration.
There was something very wrong with that liquid.
You feel weakened.
You feel dopey.
You feel clumsy.
The gnoll hits you from afar with a spear!
You die...

#......#.########.#.#.#
...#####.# #.....# .#.#
#.. #.#.### .#.# ####
#.#.# ..(# #.#.# .#.#
#.#.# .#.# #g#.# .#.#
##)#.# ...### #@.#.####
.#...# ####)...# ...#.#
### #..#.# .#.#.#
###_#####...# ...#.#
#.....# ##.##
.#.#.#######♣...♣# #.#
.#...[....##.....# #.#
.#.#.#######♣...♣# #.#
..........# ##'######.#


You could see a gnoll.

Vanquished Creatures
  Ijyb (D:2)
  2 gnolls (D:2)
  2 oozes (D:1)
  A dart slug (D:1)
  A ball python (D:2)
  2 bats (D:1)
  2 giant cockroaches (D:1)
  A hobgoblin (D:1)
  2 giant newts
  4 goblins
  4 kobolds (D:1)
  4 rats (D:1)
26 creatures vanquished.

Notes
Turn   | Place    | Note
--------------------------------------------------------------
     0 | D:1      | eljoo the Formicid Earth Elementalist began the quest for the Orb.
     0 | D:1      | Reached XP level 1. HP: 13/13 MP: 3/3
   117 | D:1      | Reached XP level 2. HP: 17/19 MP: 0/5
   365 | D:1      | Reached XP level 3. HP: 24/24 MP: 0/6
  1400 | D:2      | Found a glowing golden altar of the Shining One.
  1417 | D:2      | Noticed Ijyb
  1452 | D:2      | Killed Ijyb
  1452 | D:2      | Reached XP level 4. HP: 26/30 MP: 0/7
  1568 | D:2      | Slain by a gnoll

Vault maps used:
D:1:      kilobyte_arrival_exit_the_forest, minmay_statues_item, minivault_5,
          hangedman_decor_growths
D:2:      tso_altar, uniq_iyjb

Skill      XL: |  1  2  3 |
---------------+----------+-----
Stealth        | 3 4 |  4.7
Earth Magic    | 4 |  4.3
Dodging        | |  1.7
Spellcasting   | |  2.7
Transmutations | |  1.1

Action                   |  1- 3 |  4- 6 || total
-------------------------+-------+-------++-------
Melee: Unarmed           |     4 |       ||     4
 Cast: Sandblast         |    50 |    10 ||    60
 Abil: Dig               |     2 |       ||     2
  Use: Potion            |       |     1 ||     1
  Eat: Chunk             |     2 |     1 ||     3
Armor: Robe              |     4 |     1 ||     5
Dodge: Dodged            |    24 |     5 ||    29
